 Dungeon Crawl Stone Soup version 0.22-a0-422-g9628fc8 (webtiles) character file.

5975 raistware the Destroyer (level 10, 0/63 HPs)
             Began as a Mummy Wizard on May 17, 2018.
             Was a Believer of Sif Muna.
             Slain by Verendum's ghost (25 damage)
             ... on level 9 of the Dungeon.
             The game lasted 00:54:17 (14269 turns).

raistware the Destroyer (Mummy Wizard)             Turns: 14269, Time: 00:54:17

Health: 0/63       AC:  9    Str: 11    XL:     10   Next: 55%
Magic:  1/19       EV: 12    Int: 20    God:    Sif Muna [**....]
Gold:   409        SH:  4    Dex: 11    Spells: 7/22 levels left

rFire    . . .     SeeInvis .   B - +0 mace (protect)
rCold    + . .     Gourm    .   o - +0 buckler
rNeg     + + +     Faith    .   z - +2 robe {MR+}
rPois    ∞         Spirit   .   l - +2 hat
rElec    .         Reflect  .   (no cloak)
rCorr    .         Harm     .   k - +0 pair of gloves
MR       ++...                  w - +1 pair of boots
Stlth    ++........             (no amulet)
HPRegen  0.20/turn              g - ring of flight
MPRegen  0.16/turn              b - ring of protection from fire

@: very slightly contaminated
A: no food or potions, fire vulnerability, cold resistance 1, negative energy
resistance 3, torment resistance, unbreathing
a: Divine Energy, Renounce Religion, Evoke Flight


You were on level 9 of the Dungeon.
You worshipped Sif Muna.
Sif Muna was pleased with you.
You were not hungry.

You visited 2 branches of the dungeon, and saw 10 of its levels.
You also visited: Ossuary.

You collected 409 gold pieces.

Inventory:

Hand Weapons
 B - a +0 mace of protection (weapon)
 E - the +4 short sword of True Grit {antimagic, +Fly rElec rC- Dex+3}
   (You found it on level 9 of the Dungeon)

   It reduces the magical energy of the wielder, and disrupts the spells and
   magical abilities of those hit.
   Natural abilities and divine invocations are not affected.
   It affects your dexterity (+3).
   It makes you vulnerable to cold.
   It insulates you from electricity.
   It lets you fly.
Missiles
 a - 6 poisoned javelins (quivered)
 r - 11 curare-tipped needles
Armour
 k - a +0 pair of gloves (worn)
 l - a +2 hat (worn)
 o - a +0 buckler (worn)
 w - a +1 pair of boots (worn)
 z - a +2 robe of magic resistance (worn)
Magical Staves
 A - an uncursed staff of cold
 D - an uncursed staff of summoning
Jewellery
 b - a ring of protection from fire (right hand)
 g - a ring of flight (left hand)
 t - an uncursed ring of teleportation
Wands
 i - a wand of iceblast (3)
 m - a wand of flame (6)
 y - a wand of scattershot (4)
Scrolls
 c - 12 scrolls of identify {unknown}
 d - 7 scrolls of remove curse
 e - a scroll of fear {unknown}
 f - 2 scrolls of immolation {unknown}
 h - 4 scrolls of teleportation {unknown}
 j - 4 scrolls of amnesia {unknown}
 n - 2 scrolls of fog {unknown}
 p - 3 scrolls of magic mapping {unknown}
 q - 2 scrolls of noise {unknown}
 s - 2 scrolls of blinking {unknown}
 u - a scroll of vulnerability {unknown}
 v - a scroll of enchant weapon {unknown}
 x - a scroll of random uselessness {unknown}
 C - a scroll of brand weapon {unknown}


   Skills:
 - Level 2.0 Dodging
 - Level 2.0 Stealth
 - Level 4.1 Shields
 + Level 6.6 Spellcasting
 + Level 8.5 Conjurations
 + Level 2.2 Summonings
 - Level 1.0 Translocations
 + Level 8.0 Fire Magic
 + Level 1.4 Ice Magic


You had 7 spell levels left.
You knew the following spells:

 Your Spells              Type           Power        Failure   Level  Hunger
a - Magic Dart            Conj           ####         1%          1    N/A
b - Blink                 Tloc           N/A          10%         2    N/A
c - Call Imp              Summ           ###.....     6%          2    N/A
d - Conjure Flame         Conj/Fire      #####...     1%          3    N/A
e - Mephitic Cloud        Conj/Pois/Air  ###.....     10%         3    N/A
f - Summon Ice Beast      Ice/Summ       ##......     43%         4    N/A

Your spell library contained the following spells:

 Spells                   Type           Power        Failure   Level  Hunger
 Slow                     Hex            #.......     16%         2    N/A
 Summon Small Mammal      Summ           ###.         4%          1    N/A
 Call Canine Familiar     Summ           ###.....     12%         3    N/A
 Summon Butterflies       Summ           ###.....     4%          1    N/A
 Summon Hydra             Summ           ###.......   100%        7    N/A
 Summon Lightning Spire   Summ/Air       ##......     52%         4    N/A
 Summon Guardian Golem    Hex/Summ       ##......     19%         3    N/A
 Summon Mana Viper        Hex/Summ       ##......     86%         5    N/A

Dungeon Overview and Level Annotations

Branches:
Dungeon (9/15)             Temple (1/1) D:7
   Lair: D:8-11         Orc: D:9-12

Altars:
Ashenzari
Dithmenos
Elyvilon
Fedhas
Hepliaklqana
Kikubaaqudgha
Nemelex Xobeh
Okawaru
Qazlal
Sif Muna
Trog
Uskayaw
Vehumet
Xom
Yredelemnul
Zin
The Shining One

Annotations:
D:9 Verendum's ghost, journeyman TrMo


Innate Abilities, Weirdness & Mutations

You do not eat or drink.
Your flesh is vulnerable to fire.
You are immune to poison.
Your flesh is cold resistant. (rC+)
You are immune to negative energy. (rN+++)
You are immune to unholy pain and torment.
You can survive without breathing.


Message History

Casting: Magic Dart (safe; 1% risk of failure)
Confirm with . or Enter, or press ? or * to list all spells.
Aiming: Magic Dart (safe; 1% risk of failure)
Press: ? - help, Shift-Dir - straight line, f/p - Verendum's ghost
Aim: Verendum's ghost (flame, heavily damaged)
The magic dart hits Verendum's ghost.
Verendum's ghost is heavily damaged.
Verendum's ghost is engulfed in blazing flames.
Verendum's ghost says very slowly, "There's no hope."
Verendum's ghost hits you!!
Casting: Magic Dart (safe; 1% risk of failure)
Confirm with . or Enter, or press ? or * to list all spells.
Aiming: Magic Dart (safe; 1% risk of failure)
Press: ? - help, Shift-Dir - straight line, f/p - Verendum's ghost
Aim: Verendum's ghost (flame, heavily damaged)
The magic dart hits Verendum's ghost.
Verendum's ghost is heavily damaged.
Verendum's ghost is engulfed in blazing flames.
Verendum's ghost hits you!!
You die...

#. #. ######## #.
#......# #. #.####.#
######.########.####.#
..................##.#
##.....######.#.##.#
##..@## #.#.##.# ##W##
#.#.##.# #. #......#
#. ###.#### #' ####.#
.. #....# .. #.#### ..
#.#.## .###....######


You could see Verendum's ghost.

Vanquished Creatures
  A two-headed ogre (D:9)
  A troll (D:8)
  A hippogriff (D:7)
  Sigmund (D:4)
  A wyvern (D:8)
  Eustachio (D:4)
  2 hungry ghosts (D:9)
  Menkaure (D:6)
  2 ice beasts
  2 orc warriors
  3 eyes of draining (D:5)
  2 black bears
  2 sky beasts
  2 centaurs
  A phantom (D:8)
  A crocodile (D:8)
  2 big kobolds (D:4)
  3 elf zombies (Ossuary)
  3 gnoll sergeants
  4 bullfrogs
  A wyvern skeleton (D:7)
  3 killer bees (D:8)
  A vampire bat (D:2)
  5 wights (D:6)
  5 howler monkeys
  4 crimson imps
  A bullfrog zombie (D:5)
  3 jellies
  3 centaur zombies (Ossuary)
  6 orc wizards
  5 hounds
  A centaur skeleton (D:7)
  6 human zombies (Ossuary)
  4 orc priests
  A bullfrog skeleton (D:7)
  Jessica (D:2)
  Natasha (thrice) (D:2)
  An iguana (D:4)
  Ijyb (D:3)
  5 worker ants
  A hound zombie (D:7)
  A hound skeleton (D:8)
  3 mummies (Ossuary)
  A howler monkey zombie (D:6)
  11 gnolls
  12 adders
  A shadow imp (D:7)
  4 worms
  A dart slug (D:1)
  4 leopard geckos
  34 orcs
  3 bat skeletons (D:2)
  3 bat zombies (D:2)
  7 giant cockroaches
  9 goblins
  13 hobgoblins
  9 jackals
  A ball python (D:1)
  9 bats
  5 frilled lizards
  13 kobolds
  13 rats
254 creatures vanquished.

Vanquished Creatures (collateral kills)
  A kobold (D:5)
1 creature vanquished.

Vanquished Creatures (others)
  An ogre (D:8)
1 creature vanquished.

Grand Total: 256 creatures vanquished

Notes
Turn   | Place    | Note
-------+----------+-------------------------------------------
     0 | D:1      | raistware the Mummy Wizard began the quest for the Orb.
     0 | D:1      | Reached XP level 1. HP: 13/13 MP: 5/5
   123 | D:1      | Reached skill level 1 in Conjurations
   393 | D:1      | Reached XP level 2. HP: 18/19 MP: 1/7
   397 | D:1      | Learned a level 2 spell: Blink
   400 | D:1      | Learned a level 2 spell: Call Imp
   728 | D:1      | Reached skill level 1 in Summonings
   740 | D:1      | Reached skill level 1 in Translocations
  1198 | D:2      | Reached XP level 3. HP: 24/24 MP: 5/8
  1203 | D:2      | Learned a level 3 spell: Conjure Flame
  1532 | D:2      | Noticed Natasha
  1538 | D:2      | Learned a level 3 spell: Mephitic Cloud
  1583 | D:2      | Noticed Jessica
  1588 | D:2      | Killed Jessica
  1588 | D:2      | Reached XP level 4. HP: 30/30 MP: 5/10
  2217 | D:2      | Found an ancient bone altar of Kikubaaqudgha.
  2636 | D:2      | Reached skill level 1 in Fire Magic
  2789 | D:2      | Reached skill level 5 in Spellcasting
  2789 | D:2      | Reached XP level 5. HP: 23/35 MP: 0/12
  2929 | D:2      | Killed Natasha
  3265 | D:2      | Noticed Natasha
  3272 | D:2      | Killed Natasha
  3385 | D:2      | Noticed Natasha
  3407 | D:2      | Killed Natasha
  3492 | D:3      | Found a blossoming altar of Fedhas.
  3743 | D:3      | Reached XP level 6. HP: 41/41 MP: 9/13
  3849 | D:3      | Noticed Ijyb
  3934 | D:3      | Killed Ijyb
  4110 | D:3      | Found a stormy altar of Qazlal.
  4754 | D:4      | Noticed Eustachio
  4789 | D:4      | Killed Eustachio
  4962 | D:4      | Reached XP level 7. HP: 31/46 MP: 3/14
  5214 | D:4      | Noticed Sigmund
  5229 | D:4      | Killed Sigmund
  5455 | D:4      | Reached skill level 5 in Conjurations
  5614 | D:4      | Found a sparkling altar of Nemelex Xobeh.
  5620 | D:4      | Got a transparent whip
  5722 | D:4      | Found a glowing silver altar of Zin.
  5784 | D:4      | Found a hide-covered altar of Uskayaw.
  5891 | D:5      | Entered Level 5 of the Dungeon
  5945 | D:5      | Found a sand-covered staircase.
  5993 | Ossuary  | Entered an ossuary
  6049 | Ossuary  | Reached XP level 8. HP: 14/52 MP: 1/15
  6476 | Ossuary  | Reached skill level 1 in Shields
  6582 | Ossuary  | Reached skill level 5 in Fire Magic
  7458 | D:5      | Found a radiant altar of Vehumet.
  7841 | D:5      | Found a bloodstained altar of Trog.
  8231 | D:5      | Reached XP level 9. HP: 57/57 MP: 0/16
  8995 | D:6      | Noticed Menkaure
  9008 | D:6      | Killed Menkaure
  9376 | D:6      | Found an iron altar of Okawaru.
  9925 | D:7      | Found a white marble altar of Elyvilon.
 10818 | D:7      | Found a staircase to the Ecumenical Temple.
 10828 | Temple   | Entered the Ecumenical Temple
 10836 | Temple   | Became a worshipper of Sif Muna the Loreminder
 11360 | D:8      | Noticed a two-headed ogre
 11582 | D:8      | Noticed a troll
 11629 | D:8      | Killed a troll
 11629 | D:8      | Reached XP level 10. HP: 63/63 MP: 7/19
 12066 | D:8      | Reached * piety under Sif Muna
 12997 | D:8      | Found a glowing golden altar of the Shining One.
 13145 | D:8      | Found a shimmering altar of Xom.
 13291 | D:8      | Learned a level 4 spell: Summon Ice Beast
 13367 | D:9      | Got a jewelled short sword
 13368 | D:9      | Identified the +4 short sword of True Grit {antimagic, +Fly rElec rC- Dex+3} (You found it on level 9 of the Dungeon)
 13696 | D:9      | Found a shattered altar of Ashenzari.
 13768 | D:9      | Noticed a two-headed ogre
 13773 | D:9      | Killed a two-headed ogre
 13773 | D:9      | Reached skill level 1 in Ice Magic
 14249 | D:9      | Noticed Verendum's ghost (journeyman TrMo)
 14259 | D:9      | Reached ** piety under Sif Muna
 14269 | D:9      | Slain by Verendum's ghost

Vault maps used:
D:1:      dpeg_arrival_ratfight
D:2:      kennysheep_vampire_church, uniq_jessica, uniq_natasha
D:3:      nicolae_qazlal_general_emergency, fedhas_altar_1,
          grunt_decor_mini_mirrors, uniq_ijyb
D:4:      cheibrodos_thug_alley, nemelex_xobeh_ov_fountains_minmay,
          zin_statuary, marbit_many_paths, first_ration, uniq_sigmund,
          uniq_eustachio
D:5:      trog_eyes_of_draining, kennysheep_mini, nicolae_ossuary_entry_ruins
D:6:      okawaru_gym_becter, uniq_menkaure
D:7:      lemuel_coloured_pillars_altar, minmay_temple_entry_poolview
D:8:      nicolae_tso_swordbearing_angel, lemuel_doored_altar
D:9:      nicolae_overflow_crystal_walls
Temple:   dpeg_three_leaves_temple
Ossuary:  ossuary_minmay_four_chambers

Skill      XL: |  1  2  3  4  5  6  7  8  9 10 |
---------------+-------------------------------+-----
Conjurations   | 1 2 3 4 5 6 7 8 |  8.5
Summonings     | 1 2 |  2.2
Translocations | 1 |  1.0
Fire Magic     | 1 3 4 5 7 8 |  8.0
Spellcasting   | 5 6 |  6.6
Dodging        | 2 |  2.0
Stealth        | 2 |  2.0
Shields        | 3 4 |  4.1
Ice Magic      | 1 |  1.4

Action                   |  1- 3 |  4- 6 |  7- 9 | 10-12 || total
-------------------------+-------+-------+-------+-------++-------
Melee: Unarmed           |       |    19 |       |       ||    19
       Hand axe          |       |    23 |   150 |       ||   173
       Mace              |       |       |    19 |    20 ||    39
       Staff             |       |       |       |     4 ||     4
Throw: Javelin           |       |       |     3 |       ||     3
 Cast: Magic Dart        |    84 |   191 |   349 |   163 ||   787
       Conjure Flame     |       |    10 |    38 |    18 ||    66
       Mephitic Cloud    |       |     3 |    22 |    11 ||    36
       Blink             |       |       |     4 |     1 ||     5
       Call Imp          |       |       |     3 |     4 ||     7
Evoke: Wand              |       |     4 |    10 |    12 ||    26
  Use: Scroll            |       |     1 |     2 |       ||     3
 Stab: Confused          |       |       |     3 |     1 ||     4
Armor: Robe              |     3 |    40 |    72 |    22 ||   137
Dodge: Dodged            |    11 |    76 |   134 |    29 ||   250
Block: Buckler           |       |       |     4 |    15 ||    19

Table legend:
 A = Spawn XP
 B = Non-spawn XP
 C = Spawn XP percentage of total XP
 D = Spawn monster count
 E = Non-spawn monster count
 F = Spawn count percentage of total count
 G = Total turns spent on level
                    A         B        C        D         E        F      G
               +---------+---------+-------+---------+---------+-------+---------
         Total |       0 |    8537 |   0.0 |       0 |     256 |   0.0 | 14269
               +---------+---------+-------+---------+---------+-------+---------
           D:1 |       0 |      39 |   0.0 |       0 |      25 |   0.0 |  1196
           D:2 |       0 |     312 |   0.0 |       0 |      28 |   0.0 |  2285
           D:3 |       0 |     114 |   0.0 |       0 |      33 |   0.0 |  1272
           D:4 |       0 |     791 |   0.0 |       0 |      22 |   0.0 |  1138
           D:5 |       0 |     747 |   0.0 |       0 |      32 |   0.0 |  1852
           D:6 |       0 |     981 |   0.0 |       0 |      16 |   0.0 |  1196
           D:7 |       0 |    1461 |   0.0 |       0 |      29 |   0.0 |  1647
           D:8 |       0 |    1938 |   0.0 |       0 |      37 |   0.0 |  1963
           D:9 |       0 |    1444 |   0.0 |       0 |      19 |   0.0 |   977
       Ossuary |       0 |     710 |   0.0 |       0 |      15 |   0.0 |   726
               +---------+---------+-------+---------+---------+-------+---------
